 Dungeon Crawl Stone Soup version 0.22.1-2-g9c5b331 (webtiles) character file.

490 WarriorsX the Chopper (level 7, -4/54 HPs)
             Began as a Human Berserker on Dec 15, 2018.
             Was a Priest of Trog.
             Slain by an orc
             ... wielding a +0 flail
              (6 damage)
             ... on level 4 of the Dungeon.
             The game lasted 00:09:22 (4281 turns).

WarriorsX the Chopper (Human Berserker)             Turns: 4281, Time: 00:09:23

Health: -4/54      AC:  8    Str: 20    XL:     7   Next: 36%
Magic:  7/7        EV: 12    Int:  7    God:    Trog [***...]
Gold:   275        SH:  0    Dex: 12    Spells: 6/6 levels left

rFire    . . .     SeeInvis +   s - -2 dire flail (curse)
rCold    . . .     Gourm    .   (shield currently unavailable)
rNeg     . . .     Faith    .   l - +0 ring mail
rPois    .         Spirit   .   n - +0 helmet
rElec    .         Reflect  .   (no cloak)
rCorr    .         Harm     .   q - +0 pair of gloves
MR       .....                  (no boots)
Stlth    +.........             (no amulet)
HPRegen  0.18/turn              k - ring of see invisible
MPRegen  0.10/turn              (no ring)

@: drained
A: no striking features
a: Berserk, Trog's Hand, Renounce Religion


You were on level 4 of the Dungeon.
You worshipped Trog.
Trog was most pleased with you.
You were hungry.

You visited 1 branch of the dungeon, and saw 4 of its levels.

You collected 275 gold pieces.

Inventory:

Hand Weapons
 b - a +1 war axe of venom
 m - a +1 short sword of speed
 s - a cursed -2 dire flail (weapon)
Armour
 l - a +0 ring mail (worn)
 n - a +0 helmet (worn)
 q - a +0 pair of gloves (worn)
Jewellery
 k - a ring of see invisible (left hand)
Scrolls
 i - 4 scrolls of identify
 p - a scroll of teleportation
Potions
 a - 2 potions of haste {unknown}
 d - a potion of ambrosia
 f - a potion of invisibility
 g - a potion of flight {unknown}
 j - 2 potions of might
Comestibles
 c - 6 rations
 r - a chunk of flesh


   Skills:
 + Level 4.1(3.6) Fighting
 + Level 5.4(4.8) Axes
 * Level 4.0(3.5) Armour
 * Level 3.6(3.0) Dodging


You had 6 spell levels left.
You didn't know any spells.
Your spell library was empty.

Dungeon Overview and Level Annotations

Branches:
Dungeon (4/15)
 Temple: D:4-7

Altars:
Ashenzari
Cheibriados
Sif Muna
Zin


Message History

Beogh smites you! The hound barely misses you. The hound closely misses you.
The hound barely misses you.
The orc priest calls down the wrath of Beogh upon you.
Beogh smites you!
Found a falchion.
The orc closely misses you. The hound bites you but does no damage.
The orc priest calls down the wrath of Beogh upon you.
Beogh smites you!
You hear an angry hiss.
The orc misses you. The hound bites you but does no damage.
The orc closely misses you.
The orc priest invokes the aid of Beogh against you.
Beogh smites you!
* * * LOW HITPOINT WARNING * * *
The hound bites you.
* * * LOW HITPOINT WARNING * * *
The orc hits you but does no damage. The hound bites you but does no damage.
The orc hits you with a flail.
You die...

..)##.####...#......
............### ..)..
............# #### .#
............# ..
........o..# #.
#.........# #.##
#.........# ...##
#....oho..# ....##
#.....@...# ...§§#
#.........#
..)§§########.#.#####
...§§§§§..##..#.#
...§#####..#..#.#
......####......#
#####...####....#
......#.........###
....#...........(..>


You could see a hound, an orc priest and 2 orcs.

Vanquished Creatures
  A centaur (D:3)
  4 wights (D:4)
  2 orc wizards
  Jessica (D:3)
  A worker ant (D:4)
  Robin (D:2)
  3 adders
  An ooze (D:3)
  2 worms (D:3)
  2 dart slugs
  3 leopard geckos
  5 orcs
  4 giant cockroaches
  6 goblins
  11 hobgoblins
  10 jackals
  6 kobolds
  3 quokkas
  5 bats
  7 frilled lizards
  A leopard gecko skeleton (D:4)
  A quokka skeleton (D:3)
  7 rats
  2 fungi (D:2)
89 creatures vanquished.

Notes
Turn   | Place    | Note
-------+----------+-------------------------------------------
     0 | D:1      | WarriorsX the Human Berserker began the quest for the Orb.
     0 | D:1      | Reached XP level 1. HP: 18/18 MP: 1/1
   114 | D:1      | Reached XP level 2. HP: 21/24 MP: 2/2
   389 | D:1      | Reached XP level 3. HP: 20/29 MP: 3/3
   817 | D:2      | Noticed Robin
   821 | D:2      | Reached ** piety under Trog
  1408 | D:2      | Killed Robin
  1712 | D:2      | Reached XP level 4. HP: 28/35 MP: 4/4
  1736 | D:2      | Found a glowing silver altar of Zin.
  1906 | D:2      | Found a deep blue altar of Sif Muna.
  2535 | D:3      | Found a faded altar of an unknown god.
  2643 | D:3      | Reached skill level 4 in Axes
  2738 | D:3      | Reached XP level 5. HP: 29/42 MP: 5/5
  3119 | D:3      | Found a transporter.
  3126 | D:3      | Found a snail-covered altar of Cheibriados.
  3126 | D:3      | Found a shattered altar of Ashenzari.
  3128 | D:3      | Found a transporter.
  3546 | D:3      | Noticed a centaur
  3550 | D:3      | Killed a centaur
  3550 | D:3      | Reached XP level 6. HP: 34/48 MP: 6/6
  3653 | D:3      | Noticed Jessica
  3657 | D:3      | Killed Jessica
  4056 | D:4      | Reached *** piety under Trog
  4056 | D:4      | Reached skill level 5 in Axes
  4059 | D:4      | Reached XP level 7. HP: 46/54 MP: 7/7
  4279 | D:4      | HP: 2/54 [hound (4)]
  4281 | D:4      | Slain by an orc

Skill      XL: |  1  2  3  4  5  6  7 |
---------------+----------------------+-----
Axes           | 4 5 |  5.4
Armour         | 3 4 |  4.0
Dodging        | 3 |  3.6
Fighting       | 4 |  4.1

Action                   |  1- 3 |  4- 6 |  7- 9 || total
-------------------------+-------+-------+-------++-------
Melee: Hand axe          |    97 |    21 |       ||   118
       War axe           |       |   116 |    18 ||   134
       Dire flail        |       |       |     3 ||     3
Invok: Berserk           |     1 |       |     1 ||     2
       Trog's Hand       |       |     1 |     1 ||     2
  Use: Scroll            |       |     4 |     3 ||     7
       Potion            |       |     2 |       ||     2
 Stab: Sleeping          |     2 |       |       ||     2
  Eat: Chunk             |     4 |     7 |     2 ||    13
Armor: Animal skin       |    18 |       |       ||    18
       Ring mail         |     3 |    57 |     9 ||    69
Dodge: Dodged            |    68 |    86 |    16 ||   170
